 Dungeon Crawl Stone Soup version 0.31-a0-1074-g0b22e4e0f1 (webtiles) character file.

Game seed: 4266132523629919911

51 BigPumpCobain the Ruffian (level 3, 0/42 HPs)
             Began as a Draconian Shapeshifter on Dec 7, 2023.
             Frozen to death by an endoplasm (5 damage)
             ... on level 2 of the Dungeon.
             The game lasted 00:01:42 (1138 turns).

BigPumpCobain the Ruffian (Draconian Shapeshifter)  Turns: 1138, Time: 00:01:42

Health: 0/42       AC: 21    Str: 18    XL:     3   Next: 58%
Magic:  3/3        EV:  2    Int: 10    God:
Gold:   111        SH:  0    Dex: 10    Spells: 2/2 levels left

rFire   . . .        i - +0 dagger (elec)
rCold   . . .        (no shield)
rNeg    . . .        (body armour unavailable)
rPois   +            (helmet currently unavailable)
rElec   .            (cloak currently unavailable)
rCorr   .            (gloves currently unavailable)
SInv    .            (boots currently unavailable)
Will    .....        (no amulet)
Stlth   +            (no ring)
HPRegen 0.27/turn    (no ring)
MPRegen 0.08/turn

%: no passive effects
@: tree-form
A: stationary, stasis, torment immunity, boosted hp, AC +5, unfitting armour,
(cold-blooded)
a: no special abilities


You were on level 2 of the Dungeon.
You were a tree.
You visited 1 branch of the dungeon, and saw 2 of its levels.

You collected 111 gold pieces.

Inventory:

Hand Weapons
 i - a +0 dagger of electrocution (weapon)
Talismans
 b - a beast talisman
 c - a flux talisman
Scrolls
 e - a scroll of enchant armour {unknown}
 f - a scroll of noise {unknown}
 h - 3 scrolls of identify {unknown}
 k - a scroll of blinking {unknown}
Potions
 a - a potion of lignification
 d - a potion of degeneration {unknown}
 g - a potion of heal wounds {unknown}
 j - a potion of berserk rage {unknown}


   Skills:
 - Level 1.1 Fighting
 - Level 1.7 Dodging
 + Level 4.6 Unarmed Combat
 - Level 3.0 Shapeshifting


You had 2 spell levels left.
You didn't know any spells.
Your spell library contained the following spells:

 Spells                   Type           Power      Damage    Failure   Level
 Sting                    Tmut/Pois      0%         1d3       36%         1
 Poisonous Vapours        Pois/Air       0%         N/A       50%         2
 Olgreb's Toxic Radiance  Pois           0%         N/A       98%         4


Dungeon Overview and Level Annotations

Branches:
Dungeon (2/15)

Altars:


Innate Abilities, Weirdness & Mutations

You are a tree.
Your roots penetrate the ground, keeping you stationary.
You cannot be teleported.
You are immune to unholy pain and torment.
Your maximum health is greatly increased.
Your equipment is partially melded.
((Your plain brown scales are hard. (AC +5)))
You cannot fit into any form of body armour.
((You are cold-blooded and may be slowed by cold attacks.))


Message History

The gnoll barely misses you.
You hit the gnoll. You tail-slap the gnoll.
The gnoll is severely wounded.
You feel sick.
The quokka bites you but does no damage.
The gnoll completely misses you. The gnoll closely misses you.
You hit the gnoll but do no damage. Lightning courses through the gnoll!
You kill the gnoll!
You feel sick.
You are no longer poisoned.
The quokka barely misses you. The gnoll completely misses you.
Found a scroll labelled JECETS REKIOSH.
The quokka bites you. The quokka barely misses you.
The gnoll hits you with a +0 halberd!
* * * LOW HITPOINT WARNING * * *
The quokka attacks as it pursues you! The quokka bites you.
* * * LOW HITPOINT WARNING * * *
Your transformation has ended.
You turn into a tree.
Your roots penetrate the ground.
The gnoll splashes around in the water.
The quokka bites you but does no damage.
The gnoll hits you with a +0 halberd.
* * * LOW HITPOINT WARNING * * *
You hit the gnoll.
The gnoll is moderately wounded.
The gnoll hits you but does no damage. The gnoll hits you with a +0 halberd.
* * * LOW HITPOINT WARNING * * *
The quokka bites you but does no damage.
The gnoll hits you but does no damage.
You hit the gnoll.
The gnoll is heavily wounded.
The gnoll splashes around in the water.
The quokka bites you but does no damage.
The gnoll hits you but does no damage. x2
You hit the gnoll.
The gnoll is severely wounded.
The quokka bites you but does no damage.
The endoplasm freezes you.
You are frozen.
You die...

...##. .. #..#.
..###.#.######
.?.....♣.....##
.#............#+##
.........).......##
...........†......##
.......r.).........##
......J♣g...........#
.....~~g~~~.........+
....~g####~~........#
....~# ##~.......##
....~ #~.....♣## ....
#~......# ...
##~......# ...
##~~......#
~~~.......#


You could see 3 gnolls, an endoplasm and a quokka.

Vanquished Creatures
  A gnoll (D:2)
  An adder (D:2)
  4 ball pythons
  2 endoplasms (D:1)
  4 goblins (D:1)
  6 hobgoblins
  5 kobolds
  3 bats
  A frilled lizard (D:1)
  5 rats
32 creatures vanquished.

Notes
Turn   | Place    | Note
-------+----------+-------------------------------------------
     0 | D:1      | BigPumpCobain the Draconian Shapeshifter began the quest
                  | for the Orb.
     0 | D:1      | Reached XP level 1. HP: 16/16 MP: 1/1
   247 | D:1      | Reached XP level 2. HP: 23/23 MP: 2/2
   480 | D:1      | Reached skill level 4 in Unarmed Combat
   823 | D:2      | Found a faded altar of an unknown god.
   998 | D:2      | Reached XP level 3. HP: 28/28 MP: 3/3
  1138 | D:2      | Frozen to death by an endoplasm

Illustrated notes

Levels and vault maps discovered:
D:1:      dpeg_arrival_rooms_a, layout_loops_ring, minmay_vboxes
D:2:      layout_loops_corners, chequers_ecumenical_altar_simple_redux,
          kennysheep_decorative_pillar, minmay_cut_off

Skill      XL: |  1  2 |
---------------+-------+-----
Unarmed Combat | 4 |  4.6
Fighting       | |  1.1
Dodging        | |  1.7
Shapeshifting  | |  3.0

Action                     || total
---------------------------++-------
  Melee: Unarmed           ||    42
         Dagger            ||    32
         Tailslap          ||     4
         Punch             ||     1
    Use: Potion            ||     1
 Armour: Skin              ||    48
  Dodge: Dodged            ||    48

Table legend: (Time is in decaauts)
 A = Elapsed time spent in this place.
 B = Non-inter-level travel time spent in this place.
 C = Inter-level travel time spent in this place.
 D = Time resting spent in this place.
 E = Time spent auto-exploring this place.
 F = Levels seen in this place.
 G = Mean time per level.
                   A        B        C        D        E       F      G
               +--------+--------+--------+--------+--------+-----+--------+
         Total |   1134 |   1093 |     41 |      0 |    919 |   2 |  567.0 |
       Dungeon |   1134 |   1093 |     41 |      0 |    919 |   2 |  567.0 |
               +--------+--------+--------+--------+--------+-----+--------+

Top non-repeatable levels by time:
     D:1: 807 daAuts
     D:2: 326 daAuts
